Map: Backcountry

Players

Stonewall

  • Race: Terran Terran
  • Spawn Location: 5:00

Raidah

  • Race: Terran Terran
  • League: Silver
  • Spawn Location: 5:00

Grumm

  • Race: Protoss Protoss
  • League: Gold
  • Spawn Location: 5:00

Trapsrealbig

  • Race: Protoss Protoss
  • Spawn Location: 9:00

Lionym

  • Race: Protoss Protoss
  • Spawn Location: 11:00

Gyarados

  • Race: Terran Terran
  • League: Gold
  • Spawn Location: 11:00

VOD

Have the link to the VOD?

Description

Time

  • Played on: Jan. 14, 2016, 1:06 a.m.
  • Length: 16:45
Show
View Real Time Build Order
Export as new Build Order

Stonewall Terran 

Build Orders: MMM Bio 

Get SALT Encoding   

  12  0:01  SCV  
  14  0:17  SCV  
  14  0:18  Supply Depot  
  14  0:29  SCV  
  15  0:42  SCV, Barracks  
  16  0:46  Refinery  
  16  0:56  SCV  
  17  1:26  Command Center  
  17  1:28  SCV  
  17  1:30  Marine  
  19  1:41  Orbital Command  
  19  2:03  Supply Depot  
  19  2:08  Factory  
  19  2:22  SCV  
  20  2:27  Barracks Tech Lab  
  20  2:34  Engineering Bay, SCV  
  21  2:48  SCV  
  22  2:53  Refinery  
  23  3:00  SCV  
  23  3:09  Starport  
  23  3:11  Marauder  
  23  3:12  SCV  
  26  3:15  Hellion  
  28  3:27  Orbital Command  
  28  3:32  Marine  
  29  3:36  Hellion  
  31  3:43  Starport  
  31  3:45  Supply Depot  
  31  3:49  SCV  
  31  3:50  Marine  
  33  3:56  SCV  
  33  4:01  Starport Reactor  
  33  4:02  SCV  
  35  4:04  Factory Tech Lab  
  35  4:07  Marine  
  35  4:08  SCV  
  37  4:10  Barracks  
  37  4:14  SCV  
  38  4:19  Barracks  
  38  4:22  Terran Infantry Weapons Level 1  
  38  4:25  Marine  
  38  4:26  SCV  
  37  5:02  SCV  
  37  5:03  SCV  
  39  5:12  Barracks Reactor x2  
  39  5:14  SCV, Barracks  
  39  5:15  Starport Tech Lab, SCV, Barracks  
  39  5:16  Medivac x2  
  45  5:26  SCV  
  45  5:27  Refinery, SCV  
  47  5:29  Refinery  
  47  5:39  SCV x2  
  49  5:51  SCV x2  
  51  6:03  SCV x2  
  48  6:15  SCV x2  
  48  6:17  Command Center, Marine  
  51  6:23  Stimpack  
  51  6:25  Cyclone  
  54  6:28  Barracks Reactor  
  54  6:34  Marine x5  
  54  6:35  Marine  
  54  6:37  Supply Depot  
  60  6:43  Supply Depot  
  60  6:49  Missile Turret  
  60  6:52  Marine x2  
  62  6:58  Cyclone, Marine x3, SCV x2  
  70  7:04  Marine  
  70  7:05  Marine  
  72  7:09  Marine  
  72  7:10  Medivac, SCV  
  72  7:14  Medivac  
  78  7:28  Marauder, Marine  
  81  7:30  Banshee  
  81  7:35  Cyclone  
  87  7:40  Medivac  
  89  7:56  Barracks Reactor  
  89  8:24  Combat Shields  
  89  8:31  Armory  
  89  8:33  Engineering Bay  
  89  8:37  Armory  
  89  8:39  Orbital Command  
  89  8:42  SCV x2  
  91  8:54  SCV x2  
  93  8:57  Refinery  
  93  8:59  Refinery  
  93  9:11  Supply Depot  
  93  9:12  Factory  
  93  9:13  Supply Depot  
  93  9:15  Supply Depot, Marine x7, SCV  
  101  9:32  Marine x2, SCV x3  
  101  9:33  Marine x2  
  108  9:38  Supply Depot  
  108  9:44  SCV  
  109  9:50  Marine  
  110  9:55  Factory Tech Lab  
  110  10:00  Cyclone  
  113  10:29  Marine x3  
  113  10:30  Marine x6  
  113  10:32  Cyclone  
  125  10:47  Marine x4  
  125  10:48  Marine x4  
  133  10:55  Command Center  
  132  11:34  Supply Depot  
  132  11:35  Supply Depot  
  132  11:49  Viking, Marine  
  132  11:50  Marine x3  
  126  11:55  Viking, Cyclone, Marine x3  
  126  11:56  Supply Depot  
  126  11:57  Viking, Supply Depot  
  136  12:09  Cyclone  
  105  12:19  Viking  
  106  12:25  Viking  
  106  12:26  Viking  
  106  12:28  Cyclone  
  99  12:31  Marine x5  
  99  12:32  Marine x4  
  91  12:41  Cyclone  
  82  12:47  Orbital Command  
  82  12:49  Marine x6  
  82  12:50  Marine x3  
  81  13:00  Cyclone  
  81  13:06  Marine  
  81  13:07  Marine x7  
  81  13:08  Marine  
  87  13:13  Cyclone  
  89  13:24  Marine x2  
  89  13:25  Marine x7  
  98  13:27  Terran Infantry Weapons Level 2  
  98  13:28  Terran Infantry Armor Level 1  
  98  13:30  Terran Vehicle And Ship Armor Level 1  
  98  13:32  Cyclone  
  98  13:33  Terran Vehicle Weapons Level 1  
  101  13:42  Marine x3  
  101  13:43  Marine x6  
  101  13:45  Cyclone  
  101  14:00  Marine x4  
  101  14:01  Marine x2  
  107  14:04  Cyclone  
  110  14:11  Marine  
  109  14:23  Refinery  
  109  14:24  Refinery  
  109  14:31  Marine x2  
  109  14:32  Marine x7  
  109  14:35  Cyclone  
  109  14:36  Cyclone  
  95  14:49  Marine x4  
  95  14:50  Marine x5  
  89  14:55  Medivac x3  
  95  15:07  Cyclone  
  95  15:08  Cyclone  
  101  15:25  Medivac x3  
  107  15:39  Cyclone  
  107  15:55  Medivac  
  109  16:09  Command Center  
  102  16:16  Command Center  
  102  16:18  Marine x4  
  58  16:19  Marine x5  
Show
View Real Time Build Order
Export as new Build Order

Raidah Terran 

Build Orders:  

Get SALT Encoding   

  12  0:02  SCV  
  13  0:14  SCV  
  14  0:23  Supply Depot  
  14  0:26  SCV  
  15  0:31  Refinery  
  15  0:45  SCV  
  16  0:51  Barracks  
  16  0:59  SCV  
  17  1:10  Barracks  
  17  1:25  Barracks  
  17  1:30  Supply Depot  
  17  1:34  SCV  
  18  1:55  Reaper  
  18  1:58  SCV  
  18  2:01  Refinery  
  20  2:12  SCV  
  21  2:15  Reaper  
  21  2:16  Reaper  
  23  2:29  Reaper  
  24  2:38  Orbital Command  
  24  2:46  Supply Depot  
  24  2:48  Reaper x2  
  26  3:01  Reaper  
  23  3:45  SCV  
  24  3:51  Command Center  
  24  3:55  Factory  
  24  4:00  Supply Depot  
  24  4:01  Reaper x2  
  24  4:02  Reaper  
  26  4:31  Barracks  
  26  4:34  Supply Depot  
  26  4:52  Reaper x2  
  28  4:53  Reaper  
  28  4:58  Supply Depot  
  29  5:02  Widow Mine  
  29  5:03  Supply Depot  
  29  5:04  Orbital Command  
  31  5:10  Starport  
  31  5:31  Widow Mine  
  16  6:11  Widow Mine  
  18  6:30  Orbital Command  
  18  6:39  Starport Tech Lab, Widow Mine  
  18  6:41  SCV  
  21  6:53  SCV  
  22  6:59  Cloaking Field  
  22  7:00  Banshee  
  25  7:05  SCV  
  26  7:17  SCV  
  25  7:29  SCV  
  26  7:38  Starport  
  26  7:41  Factory Reactor  
  26  7:43  Banshee  
  29  7:49  SCV  
  30  8:01  SCV  
  31  8:13  SCV  
  30  8:20  Starport Tech Lab  
  30  8:25  SCV  
  30  8:26  Starport  
  31  8:33  Fusion Core, SCV  
  32  8:37  SCV  
  32  8:38  Refinery  
  33  8:41  Refinery  
  33  8:45  SCV  
  34  8:58  SCV  
  34  8:59  Widow Mine x2  
  34  9:00  Command Center  
  39  9:04  Banshee, Starport Tech Lab  
  42  9:15  SCV  
  43  9:27  Widow Mine, SCV  
  43  9:28  Widow Mine  
  48  9:39  Hyperflight Rotors, SCV  
  49  9:51  SCV  
  50  9:56  Widow Mine x2  
  54  10:03  SCV  
  54  10:04  Banshee x3  
  64  10:15  SCV  
  64  10:17  Engineering Bay  
  65  10:27  SCV  
  66  10:32  Armory  
  66  10:34  SCV  
  67  10:39  SCV  
  68  10:45  Liberator x2  
  68  10:49  Orbital Command  
  68  10:51  Missile Turret, SCV  
  68  10:55  Command Center  
  69  11:03  SCV  
  76  11:15  SCV  
  72  11:18  Command Center  
  72  11:24  Widow Mine x2  
  74  11:28  SCV  
  67  11:53  Widow Mine x2  
  49  12:13  Liberator x2  
  49  12:14  Liberator  
  30  12:56  Liberator x2  
Show
View Real Time Build Order
Export as new Build Order

Grumm Protoss 

Build Orders: Nexus First 

Get SALT Encoding   

  12  0:01  Probe (Chrono Boost)  
  13  0:12  Probe (Chrono Boost)  
  14  0:23  Pylon  
  14  0:24  Probe (Chrono Boost)  
  15  0:37  Assimilator  
  15  0:41  Probe (Chrono Boost)  
  16  1:01  Nexus  
  17  1:04  Probe (Chrono Boost)  
  17  1:22  Probe (Chrono Boost)  
  18  1:43  Probe (Chrono Boost)  
  19  2:01  Probe (Chrono Boost)  
  19  2:12  Probe (Chrono Boost)  
  19  2:13  Probe (Chrono Boost)  
  20  2:18  Gateway  
  20  2:22  Forge  
  21  2:23  Probe (Chrono Boost)  
  21  2:26  Probe (Chrono Boost)  
  22  2:42  Probe (Chrono Boost)  
  23  2:45  Pylon  
  23  2:54  Probe (Chrono Boost)  
  24  3:04  Photon Cannon  
  24  3:06  Probe (Chrono Boost)  
  24  3:08  Probe (Chrono Boost)  
  26  3:15  Cybernetics Core  
  26  3:18  Probe (Chrono Boost)  
  26  3:19  Probe (Chrono Boost)  
  28  3:31  Assimilator  
  28  3:36  Pylon  
  28  3:42  Assimilator  
  28  3:44  Probe x2 (Chrono Boost)  
  28  3:45  Assimilator  
  30  3:52  Stargate  
  30  3:58  Probe x2 (Chrono Boost), Photon Cannon  
  32  4:08  Probe (Chrono Boost)  
  32  4:09  Probe (Chrono Boost)  
  34  4:19  Probe x2 (Chrono Boost)  
  34  4:24  Pylon  
  36  4:25  Pylon  
  36  4:29  Pylon  
  36  4:35  Gateway  
  36  4:53  Void Ray, Fleet Beacon  
  36  4:55  Stargate  
  36  4:56  Probe (Chrono Boost)  
  42  5:00  Probe (Chrono Boost)  
  42  5:06  Probe (Chrono Boost)  
  43  5:08  Warp Gate  
  43  5:10  Probe (Chrono Boost)  
  43  5:12  Pylon  
  44  5:17  Probe (Chrono Boost)  
  45  5:21  Pylon  
  45  5:26  Probe (Chrono Boost)  
  45  5:27  Probe (Chrono Boost)  
  47  5:32  Stalker x2  
  51  5:36  Probe (Chrono Boost)  
  51  5:38  Probe (Chrono Boost)  
  55  5:50  Probe x2 (Chrono Boost)  
  55  5:52  Tempest  
  55  5:55  Tempest  
  63  6:19  Probe x2 (Chrono Boost)  
  65  6:31  Probe x2 (Chrono Boost)  
  67  6:35  Tempest  
  67  6:38  Tempest  
  75  6:46  Nexus  
  75  6:51  Cybernetics Core  
  75  6:53  Pylon  
  75  6:57  Pylon  
  75  7:01  Protoss Shields Level 1, Pylon  
  75  7:02  Protoss Air Weapons Level 1 (Chrono Boost), Probe x2 (Chrono Boost)  
  77  7:16  Assimilator  
  77  7:20  Assimilator  
  77  7:21  Carrier  
  83  7:39  Carrier  
  89  8:15  Stargate  
  89  8:17  Gateway  
  89  8:18  Gateway  
  89  8:25  Protoss Air Armor Level 1 (Chrono Boost)  
  89  8:29  Photon Cannon  
  89  8:30  Probe x2  
  91  8:50  Graviton Catapult (Chrono Boost)  
  91  9:01  Void Ray  
  91  9:02  Carrier  
  101  9:05  Tempest  
  101  9:06  Protoss Air Weapons Level 2 (Chrono Boost)  
  105  10:38  Void Ray x2  
  105  10:39  Void Ray  
  113  10:45  Protoss Air Armor Level 2  
  113  10:55  Twilight Council  
  113  10:59  Pylon  
  113  11:05  Gateway  
  113  11:10  Pylon  
  113  11:15  Gateway  
  113  11:21  Void Ray x2 (Chrono Boost)  
  113  11:22  Void Ray (Chrono Boost)  
  125  11:51  Pylon  
  125  11:59  Void Ray (Chrono Boost)  
  125  12:00  Void Ray x2 (Chrono Boost)  
  109  12:23  Zealot x5  
  119  12:37  Void Ray x3 (Chrono Boost)  
  121  12:54  Zealot  
  121  12:55  Zealot  
  100  13:20  Tempest x3 (Chrono Boost)  
  104  13:27  Stargate  
  104  13:28  Pylon  
  100  13:57  Tempest x2 (Chrono Boost)  
  100  13:58  Tempest (Chrono Boost)  
  112  14:38  Carrier (Chrono Boost)  
  112  14:42  Carrier x2 (Chrono Boost)  
  136  14:48  Carrier (Chrono Boost)  
  136  15:53  Void Ray  
  136  16:01  Void Ray x2  
Show
View Real Time Build Order
Export as new Build Order

Trapsrealbig Protoss 

Build Orders: 1 Gate Expand 

Get SALT Encoding   

  12  0:01  Probe (Chrono Boost)  
  13  0:12  Probe (Chrono Boost)  
  14  0:18  Pylon  
  14  0:23  Probe (Chrono Boost)  
  15  0:37  Probe (Chrono Boost)  
  15  0:38  Gateway  
  16  0:47  Probe (Chrono Boost)  
  17  0:58  Probe (Chrono Boost)  
  18  1:14  Nexus  
  18  1:18  Probe (Chrono Boost)  
  19  1:27  Cybernetics Core  
  19  1:32  Assimilator  
  19  1:38  Zealot  
  21  1:42  Probe (Chrono Boost)  
  22  2:04  Pylon  
  22  2:07  Assimilator  
  22  2:22  Zealot  
  24  2:26  Probe (Chrono Boost)  
  24  2:27  Probe (Chrono Boost)  
  27  2:37  Probe x2 (Chrono Boost)  
  27  2:43  Warp Gate (Chrono Boost)  
  28  2:46  Probe  
  28  2:48  Probe  
  30  2:55  Gateway  
  30  2:57  Probe  
  31  3:00  Probe  
  31  3:01  Gateway  
  32  3:07  Probe  
  32  3:11  Stalker  
  34  3:37  Probe  
  34  3:38  Probe  
  36  3:48  Probe  
  36  3:50  Probe  
  36  3:55  Pylon  
  38  3:58  Probe  
  38  3:59  Pylon  
  39  4:02  Probe  
  40  4:12  Robotics Facility  
  40  4:15  Pylon  
  40  4:19  Probe  
  40  4:20  Probe  
  42  4:30  Probe  
  42  4:32  Probe  
  42  4:36  Stalker x2  
  42  4:37  Stalker  
  50  4:40  Probe  
  50  4:44  Assimilator  
  50  4:45  Probe  
  52  4:48  Assimilator  
  52  4:51  Probe  
  53  4:57  Probe  
  54  5:09  Probe  
  54  5:13  Forge  
  55  5:15  Forge  
  55  5:16  Robotics Bay  
  55  5:19  Pylon  
  55  5:22  Stalker  
  55  5:23  Twilight Council  
  55  5:24  Stalker  
  59  5:42  Pylon  
  59  6:17  Photon Cannon  
  59  6:21  Photon Cannon  
  59  6:25  Stalker, Photon Cannon  
  59  6:26  Stalker x2  
  59  6:28  Protoss Ground Weapons Level 1 (Chrono Boost), Photon Cannon  
  59  6:29  Protoss Ground Armor Level 1 (Chrono Boost), Photon Cannon  
  59  6:32  Colossus  
  71  6:33  Extended Thermal Lance  
  71  6:52  Blink  
  71  6:53  Pylon  
  71  6:57  Stalker x3  
  71  7:00  Pylon  
  77  7:18  Gateway  
  77  7:20  Gateway  
  77  7:23  Gateway  
  77  7:28  Colossus  
  83  7:33  Stalker  
  83  7:34  Stalker  
  87  8:03  Nexus  
  87  8:10  Pylon  
  87  8:16  Pylon  
  87  8:22  Colossus  
  87  8:25  Protoss Ground Weapons Level 2 (Chrono Boost)  
  87  8:26  Protoss Shields Level 1 (Chrono Boost)  
  93  8:29  Stalker x2  
  93  8:30  Stalker  
  99  8:40  Probe x2  
  101  8:52  Probe x2  
  103  9:02  Assimilator  
  103  9:06  Assimilator  
  103  9:09  Pylon  
  103  9:10  Pylon x2, Stalker x2  
  107  9:24  Colossus  
  107  9:25  Stalker  
  115  9:51  Probe  
  116  10:03  Probe  
  117  10:11  Stalker x3  
  117  10:12  Stalker x3  
  129  10:15  Probe  
  130  10:27  Probe  
  131  10:47  Pylon  
  131  10:48  Protoss Shields Level 2 (Chrono Boost), Protoss Ground Weapons Level 3 (Chrono Boost)  
  131  10:50  Pylon  
  131  10:52  Pylon  
  131  10:53  Stalker x4  
  131  10:54  Stalker  
  131  10:55  Pylon  
  141  10:58  Pylon  
  141  11:24  Observer  
  138  12:06  Stalker x4  
  138  12:07  Stalker x2  
  71  13:07  Protoss Shields Level 3 (Chrono Boost)  
  71  13:08  Protoss Ground Armor Level 2 (Chrono Boost)  
  57  13:13  Stalker x3  
  57  13:14  Stalker x3  
  57  13:18  Colossus (Chrono Boost)  
  69  13:20  Pylon  
  69  13:27  Pylon  
  69  13:35  Pylon  
  69  13:37  Robotics Facility  
  69  13:38  Stalker x5  
  69  13:39  Stalker  
  81  13:44  Pylon  
  81  13:49  Pylon  
  81  14:02  Stalker x6  
  93  14:06  Colossus (Chrono Boost)  
  99  14:35  Stalker x5  
  99  14:36  Stalker  
  117  14:40  Colossus (Chrono Boost)  
  118  14:53  Observer (Chrono Boost)  
  118  14:59  Stalker x5  
  128  15:00  Stalker  
  130  15:11  Colossus (Chrono Boost)  
  136  15:23  Stalker x2  
  136  15:25  Stalker x4  
  154  15:33  Colossus (Chrono Boost)  
  152  15:55  Stalker  
  152  15:56  Stalker x5  
  124  16:34  Stalker x5  
  124  16:35  Stalker  
Show
View Real Time Build Order
Export as new Build Order

Lionym Protoss 

Build Orders:  

Get SALT Encoding   

  12  0:03  Probe (Chrono Boost)  
  13  0:13  Probe (Chrono Boost)  
  14  0:19  Pylon  
  14  0:24  Probe (Chrono Boost)  
  15  0:37  Probe (Chrono Boost)  
  15  0:42  Forge  
  16  0:48  Probe (Chrono Boost)  
  17  0:58  Probe (Chrono Boost)  
  18  1:08  Pylon  
  18  1:09  Probe (Chrono Boost)  
  19  1:21  Pylon  
  19  1:30  Photon Cannon  
  19  1:31  Pylon  
  19  1:48  Pylon  
  19  1:54  Probe (Chrono Boost)  
  19  2:04  Probe (Chrono Boost)  
  20  2:22  Assimilator  
  20  2:26  Assimilator  
  20  2:27  Probe (Chrono Boost)  
  20  2:28  Gateway  
  20  2:29  Pylon  
  21  2:30  Pylon  
  21  2:37  Probe (Chrono Boost)  
  22  2:44  Pylon  
  22  2:48  Probe (Chrono Boost)  
  22  2:50  Pylon  
  24  2:58  Probe (Chrono Boost)  
  24  3:09  Probe (Chrono Boost)  
  25  3:20  Photon Cannon x2  
  25  3:22  Gateway  
  25  3:25  Pylon  
  25  3:31  Cybernetics Core  
  25  3:32  Pylon, Probe (Chrono Boost)  
  26  3:43  Probe (Chrono Boost)  
  27  4:17  Nexus  
  27  4:22  Nexus  
  27  4:26  Pylon  
  27  4:30  Pylon  
  27  4:36  Protoss Air Weapons Level 1  
  27  4:41  Stargate  
  27  4:44  Stargate  
  27  4:47  Pylon  
  27  4:59  Photon Cannon  
  27  5:03  Pylon  
  27  5:12  Photon Cannon  
  27  5:22  Forge  
  27  5:33  Photon Cannon  
  27  5:37  Photon Cannon  
  27  6:04  Photon Cannon x2  
  27  6:08  Probe (Chrono Boost)  
  28  6:18  Probe (Chrono Boost)  
  28  6:20  Probe (Chrono Boost)  
  30  6:28  Probe (Chrono Boost)  
  30  6:30  Probe (Chrono Boost)  
  32  6:38  Probe  
  37  6:40  Probe  
  37  6:42  Void Ray (Chrono Boost)  
  38  6:48  Probe  
  38  6:50  Probe  
  40  6:55  Pylon  
  40  6:57  Photon Cannon x2  
  40  6:59  Probe  
  40  7:01  Probe, Photon Cannon  
  42  7:12  Photon Cannon  
  42  7:14  Photon Cannon  
  42  7:15  Probe  
  42  7:18  Probe  
  44  7:25  Probe  
  44  7:28  Probe  
  45  7:36  Probe  
  46  7:39  Probe  
  46  7:43  Void Ray (Chrono Boost)  
  52  7:46  Probe  
  52  7:47  Void Ray (Chrono Boost)  
  52  7:49  Probe  
  57  7:57  Probe  
  58  8:00  Probe  
  60  8:07  Probe  
  60  8:11  Probe  
  60  8:12  Assimilator  
  62  8:15  Assimilator  
  62  8:16  Assimilator  
  62  8:18  Probe  
  62  8:19  Assimilator  
  63  8:21  Probe  
  63  8:26  Void Ray (Chrono Boost)  
  68  8:27  Stargate  
  68  8:28  Stargate, Pylon  
  68  8:33  Protoss Air Armor Level 1  
  68  8:41  Probe  
  68  8:42  Probe  
  70  8:51  Probe  
  70  8:53  Probe  
  70  8:55  Void Ray (Chrono Boost)  
  76  9:02  Probe  
  76  9:03  Probe  
  76  9:09  Void Ray (Chrono Boost)  
  90  9:18  Void Ray (Chrono Boost)  
  90  9:19  Void Ray (Chrono Boost)  
  90  9:30  Protoss Shields Level 1, Fleet Beacon  
  90  9:36  Cybernetics Core  
  90  9:45  Void Ray (Chrono Boost)  
  98  9:54  Void Ray (Chrono Boost)  
  87  10:24  Void Ray (Chrono Boost)  
  99  10:30  Void Ray x2 (Chrono Boost), Probe  
  99  10:32  Probe  
  101  10:41  Probe  
  102  10:43  Probe  
  103  10:51  Probe  
  103  10:53  Probe  
  105  11:02  Probe  
  106  11:04  Probe  
  115  11:11  Void Ray (Chrono Boost)  
  115  11:12  Probe  
  115  11:14  Probe  
  115  11:16  Void Ray (Chrono Boost)  
  115  11:17  Pylon  
  117  11:22  Pylon  
  117  11:29  Pylon x2  
  117  11:31  Pylon  
  117  11:32  Pylon  
  117  11:34  Pylon  
  117  11:35  Pylon  
  117  11:36  Pylon x2  
  117  11:38  Pylon  
  117  11:39  Protoss Air Weapons Level 2  
  125  11:41  Void Ray x2 (Chrono Boost), Protoss Air Armor Level 2  
  77  12:30  Tempest (Chrono Boost)  
  77  12:36  Tempest x2 (Chrono Boost)  
  77  12:37  Tempest (Chrono Boost)  
  85  13:24  Tempest (Chrono Boost)  
  101  13:29  Tempest (Chrono Boost)  
  101  13:30  Tempest x2 (Chrono Boost)  
  101  13:33  Nexus  
  101  13:36  Assimilator  
  101  13:37  Pylon  
  101  13:38  Assimilator, Pylon  
  92  14:17  Tempest (Chrono Boost)  
  92  14:23  Tempest x3 (Chrono Boost)  
  96  14:58  Tempest (Chrono Boost)  
  108  15:05  Tempest (Chrono Boost)  
  108  15:06  Tempest (Chrono Boost)  
  112  15:31  Tempest (Chrono Boost)  
  112  15:57  Nexus  
  112  15:58  Assimilator  
  112  15:59  Pylon  
  112  16:00  Assimilator  
  112  16:03  Pylon  
Show
View Real Time Build Order
Export as new Build Order

Gyarados Terran 

Build Orders: Mech 

Get SALT Encoding   

  12  0:01  SCV  
  13  0:13  SCV  
  14  0:19  Supply Depot  
  14  0:25  SCV  
  15  0:41  SCV  
  16  0:43  Barracks  
  16  0:50  Refinery  
  16  0:53  SCV  
  17  0:57  Refinery  
  17  1:06  SCV  
  18  1:18  SCV  
  19  1:31  SCV  
  20  1:41  Factory  
  20  1:43  Orbital Command  
  20  1:46  Barracks Reactor  
  20  2:01  Supply Depot  
  20  2:12  SCV  
  21  2:36  Factory  
  21  2:40  Hellion  
  21  2:43  Command Center  
  23  2:47  Hellion  
  25  2:54  SCV  
  28  3:05  Hellion  
  27  3:19  Armory  
  29  3:20  Hellion x2  
  30  3:42  Factory Tech Lab  
  30  3:51  Supply Depot  
  30  4:03  SCV  
  30  4:08  Hellion x2  
  35  4:13  Hellion  
  35  4:15  SCV  
  38  4:29  Hellion  
  40  4:36  Infernal Pre-Igniter  
  36  4:41  Terran Vehicle Weapons Level 1  
  34  4:47  Hellion  
  34  4:48  Hellion  
  38  4:59  Orbital Command  
  34  5:09  Siege Tank  
  37  5:16  SCV  
  42  5:28  SCV, Hellion x2  
  43  5:40  SCV  
  43  5:41  Hellion  
  46  5:57  Hellion  
  46  5:58  Hellion  
  46  6:03  Hellion  
  42  6:15  SCV x2  
  42  6:19  Hellion x2  
  46  6:26  Factory  
  46  6:27  SCV x2  
  46  6:29  Factory  
  46  6:30  Drilling Claws  
  48  6:38  Terran Vehicle Weapons Level 2  
  48  6:39  SCV  
  49  6:41  SCV  
  49  6:44  Widow Mine x2  
  54  6:50  Siege Tank  
  54  6:51  SCV  
  54  6:53  SCV  
  59  7:03  Refinery, SCV  
  59  7:05  SCV  
  61  7:31  SCV  
  62  7:38  SCV  
  62  7:39  Supply Depot  
  62  7:41  Supply Depot  
  62  7:42  Supply Depot, Factory Reactor, Factory Tech Lab  
  62  7:43  Supply Depot, SCV  
  64  7:45  Widow Mine x2  
  68  7:55  Thor  
  74  8:01  Refinery  
  74  8:03  SCV x2  
  76  8:15  Command Center, SCV x2  
  78  8:22  Thor  
  84  8:27  SCV  
  84  8:28  SCV  
  86  8:39  SCV  
  86  8:40  Thor  
  93  8:46  SCV  
  94  8:52  SCV  
  95  8:58  SCV, Hellion x3  
  95  8:59  Hellion  
  104  9:13  SCV x2  
  106  9:22  Terran Vehicle Weapons Level 3  
  106  9:25  SCV  
  106  9:26  SCV, Thor  
  106  9:30  Supply Depot  
  106  9:31  Orbital Command  
  114  9:36  Supply Depot  
  114  9:39  Refinery  
  114  9:42  Supply Depot  
  114  9:43  Refinery  
  114  9:57  Thor  
  120  10:06  Widow Mine x2  
  122  10:09  Thor  
  130  10:29  Factory  
  130  10:34  Widow Mine x2  
  134  10:40  Thor  
  140  10:45  Factory  
  140  10:51  SCV  
  140  10:52  SCV x2, Thor  
  149  11:00  Supply Depot  
  149  11:02  Supply Depot  
  149  11:17  Supply Depot  
  149  11:18  Supply Depot  
  149  11:19  Factory Tech Lab  
  149  11:20  Supply Depot x2  
  149  11:22  SCV x3  
  152  11:31  Supply Depot x2  
  152  11:34  SCV  
  152  11:35  Supply Depot  
  152  11:36  Thor x2  
  165  11:53  Thor  
  167  12:01  Factory Tech Lab  
  167  12:06  Terran Vehicle And Ship Armor Level 1  
  167  12:16  Starport  
  167  12:19  Starport  
  167  12:23  Starport  
  158  12:31  Thor x3  
  136  13:00  Thor  
  121  13:14  Thor  
  127  13:23  Thor  
  127  13:27  Thor  
  139  13:35  Command Center  
  139  13:46  Starport Reactor  
  139  13:47  Starport Reactor x2  
  139  13:57  Refinery  
  139  13:59  Refinery  
  139  14:08  Thor  
  135  14:25  Viking x3  
  141  14:47  Viking x3  
  141  14:51  Hellion x4  
  155  15:05  Viking x3  
  161  15:26  Hellion x4  
  161  15:27  Hellion  
  171  15:30  Viking x3  
  171  15:33  Thor  
  171  15:35  Viking  
  185  15:58  Command Center  
  185  16:00  Thor  
  185  16:01  Thor  
Tags
 
Add a new tag
Caveats
  • Supply blocks, unpowered buildings, or Contaminate may cause inaccurate times.
  • Supply counts are checked every 10 seconds.